| TOP OF THE 1ST |
|
Tacoma Rainiers batting - Pitching for Omaha Storm Chasers : LHP John Hall
|
|
Pitching: LHP John Hall
|
|
|
Batting: RHB Sean Peake
|
0-0: Ball 1-0: Ball 2-0: Ball 3-0: Called Strike 3-1: Swinging Strike 3-2: Foul Ball, location: 2F 3-2: Foul Ball, location: 2F 3-2: Base on Balls
|
|
Batting: LHB Doug Barr
|
0-0: Ball 1-0: Ball 2-0: Fielders Choice at 2nd, 5-4 (Groundball, 25, EV 85.0 MPH)
|
|
Batting: RHB Josh Ferguson
|
0-0: Ball 1-0: Called Strike 1-1: Ball 2-1: Ball 3-1: Base on Balls Doug Barr to second
|
|
Batting: LHB Cliff Thomas
|
0-0: Ball 1-0: Called Strike 1-1: Ball 2-1: Ground out 5-3 (Groundball, 5, EV 85.6 MPH) Doug Barr to third Josh Ferguson to second
|
|
Batting: RHB Chris Lane
|
0-0: SINGLE (Groundball, 56S, EV 62.5 MPH) (infield hit) Doug Barr scores Josh Ferguson to third
|
|
Batting: LHB Jerrod Cluck
|
0-0: Ball 1-0: Foul Ball, location: 2F 1-1: Ball 2-1: SINGLE (Line Drive, 78M, EV 101.9 MPH) Josh Ferguson scores Chris Lane to second
|
|
Batting: SHB Morgan Batson
|
0-0: Swinging Strike 0-1: Ball 1-1: Swinging Strike 1-2: Strikes out swinging
|
| Top of the 1st over - 2 runs, 2 hits, 0 errors, 2 left on base; Tacoma 2 - Omaha 0 |
| BOTTOM OF THE 1ST |
|
Omaha Storm Chasers batting - Pitching for Tacoma Rainiers : LHP Valery Sahanov
|
|
Pitching: LHP Valery Sahanov
|
|
|
Batting: RHB Aaron Matthews
|
0-0: Foul Ball, location: 2F 0-1: Ground out 6-3 (Groundball, 6M, EV 80.0 MPH)
|
|
Batting: RHB Doug Hammertime
|
0-0: Called Strike 0-1: Swinging Strike 0-2: Foul Ball, location: 2F 0-2: Strikes out swinging
|
|
Batting: RHB Scott King
|
0-0: Ball 1-0: Called Strike 1-1: Called Strike 1-2: Foul Ball, location: 2F 1-2: Foul Ball, location: 2F 1-2: Fly out, F3 (Flyball, 3D, EV 82.5 MPH)
|
| Bottom of the 1st over - 0 runs, 0 hits, 0 errors, 0 left on base; Tacoma 2 - Omaha 0 |
| TOP OF THE 2ND |
|
Tacoma Rainiers batting - Pitching for Omaha Storm Chasers : LHP John Hall
|
|
Batting: RHB Marcus Carter
|
0-0: Ball 1-0: Ball 2-0: Called Strike 2-1: Foul Ball, location: 2F 2-2: Ball 3-2: Strikes out swinging
|
|
Batting: RHB Chae-seong Lee
|
0-0: Foul Ball, location: 2F 0-1: Foul Ball, location: 2F 0-2: Ball 1-2: Strikes out looking
|
|
Batting: RHB Sean Peake
|
0-0: Ball 1-0: Foul Ball, location: 2F 1-1: Fly out, F9 (Flyball, 89XD, EV 93.1 MPH)
|
| Top of the 2nd over - 0 runs, 0 hits, 0 errors, 0 left on base; Tacoma 2 - Omaha 0 |
| BOTTOM OF THE 2ND |
|
Omaha Storm Chasers batting - Pitching for Tacoma Rainiers : LHP Valery Sahanov
|
|
Batting: SHB David Simpson
|
0-0: Swinging Strike 0-1: Ball 1-1: Ball 2-1: Ball 3-1: Foul Ball, location: 2F 3-2: Base on Balls
|
|
Batting: RHB Avery Maxwell
|
0-0: Called Strike 0-1: Ball 1-1: Ball 2-1: Fly out, F8 (Flyball, 8LS, EV 79.4 MPH)
|
|
Batting: LHB Edwin Aguilar
|
0-0: Called Strike 0-1: Ball 1-1: Called Strike 1-2: Fly out, F8 (Flyball, 8LXD, EV 99.4 MPH)
|
|
Batting: RHB Joeri Plas
|
0-0: Called Strike 0-1: Foul Ball, location: 2F 0-2: Hit by Pitch David Simpson to second
|
|
Batting: RHB Hugo Zacarias
|
0-0: Foul Ball, location: 2F 0-1: Fly out, F8 (Flyball, 8RS, EV 73.1 MPH)
|
| Bottom of the 2nd over - 0 runs, 0 hits, 0 errors, 2 left on base; Tacoma 2 - Omaha 0 |
| TOP OF THE 3RD |
|
Tacoma Rainiers batting - Pitching for Omaha Storm Chasers : LHP John Hall
|
|
Batting: LHB Doug Barr
|
0-0: Called Strike 0-1: Ball 1-1: Ball 2-1: Fly out, F4 (Popup, 3S, EV 87.5 MPH)
|
|
Batting: RHB Josh Ferguson
|
0-0: Ball 1-0: Foul Ball, location: 2F 1-1: Ball 2-1: Ground out 4-3 (Groundball, P, EV 89.4 MPH)
|
|
Batting: LHB Cliff Thomas
|
0-0: Foul Ball, location: 2F 0-1: Foul Ball, location: 2F 0-2: Strikes out swinging
|
| Top of the 3rd over - 0 runs, 0 hits, 0 errors, 0 left on base; Tacoma 2 - Omaha 0 |
| BOTTOM OF THE 3RD |
|
Omaha Storm Chasers batting - Pitching for Tacoma Rainiers : LHP Valery Sahanov
|
|
Batting: LHB Yat-sen Zhu
|
0-0: Ground out 4-3 (Groundball, 4, EV 103.1 MPH)
|
|
Batting: RHB Aaron Matthews
|
0-0: Ball 1-0: Ground out 6-3 (Groundball, 6, EV 80.6 MPH)
|
|
Batting: RHB Doug Hammertime
|
0-0: Ball 1-0: Foul Ball, location: 2F 1-1: SINGLE (Groundball, 56D, EV 100.6 MPH)
|
|
Batting: RHB Scott King
|
0-0: Ball 1-0: Swinging Strike 1-1: Called Strike 1-2: SINGLE (Groundball, 4M, EV 105.0 MPH) (infield hit) Doug Hammertime to second
|
|
Batting: SHB David Simpson
|
0-0: Called Strike 0-1: Ball 1-1: Ball 2-1: Called Strike 2-2: Ball 3-2: Base on Balls Doug Hammertime to third Scott King to second
|
|
Batting: RHB Avery Maxwell
|
0-0: SINGLE (Groundball, 56D, EV 97.5 MPH) Doug Hammertime scores Scott King to third David Simpson to second Throwing error, E7 Scott King scores David Simpson to third Avery Maxwell to second
|
|
Batting: LHB Edwin Aguilar
|
0-0: Ball 1-0: Swinging Strike 1-1: Swinging Strike 1-2: Ball 2-2: Ball 3-2: Foul Ball, location: 2F 3-2: Foul Ball, location: 2F 3-2: Strikes out looking
|
| Bottom of the 3rd over - 2 runs, 3 hits, 1 error, 2 left on base; Tacoma 2 - Omaha 2 |
| TOP OF THE 4TH |
|
Tacoma Rainiers batting - Pitching for Omaha Storm Chasers : LHP John Hall
|
|
Batting: RHB Chris Lane
|
0-0: Foul Ball, location: 2F 0-1: Ball 1-1: Fly out, F8 (Line Drive, 8LD, EV 105.6 MPH)
|
|
Batting: LHB Jerrod Cluck
|
0-0: Called Strike 0-1: Foul Ball, location: 2F 0-2: Ball 1-2: Ball 2-2: Strikes out swinging
|
|
Batting: SHB Morgan Batson
|
0-0: Ball 1-0: Ground out 4-3 (Groundball, 4M, EV 107.5 MPH)
|
| Top of the 4th over - 0 runs, 0 hits, 0 errors, 0 left on base; Tacoma 2 - Omaha 2 |
| BOTTOM OF THE 4TH |
|
Omaha Storm Chasers batting - Pitching for Tacoma Rainiers : LHP Valery Sahanov
|
|
Batting: RHB Joeri Plas
|
0-0: Ball 1-0: Ball 2-0: Foul Ball, location: 2F 2-1: Ball 3-1: Base on Balls
|
|
Batting: RHB Hugo Zacarias
|
0-0: Called Strike 0-1: Foul Ball, location: 2F 0-2: Ball 1-2: Strikes out swinging
|
|
Batting: LHB Yat-sen Zhu
|
0-0: Ball 1-0: Fly out, F8 (Flyball, 8LD, EV 91.3 MPH)
|
|
Batting: RHB Aaron Matthews
|
0-0: Called Strike 0-1: Ball 1-1: Ball 2-1: SINGLE (Groundball, 25, EV 64.4 MPH) (infield hit) Joeri Plas to second
|
|
Batting: RHB Doug Hammertime
|
0-0: Ball 1-0: Ball 2-0: Swinging Strike 2-1: Called Strike 2-2: Foul Ball, location: 2F 2-2: Foul Ball, location: 2F 2-2: Strikes out looking
|
| Bottom of the 4th over - 0 runs, 1 hit, 0 errors, 2 left on base; Tacoma 2 - Omaha 2 |
| TOP OF THE 5TH |
|
Tacoma Rainiers batting - Pitching for Omaha Storm Chasers : LHP John Hall
|
|
Batting: RHB Marcus Carter
|
0-0: Foul Ball, location: 2F 0-1: Ball 1-1: Called Strike 1-2: Foul Ball, location: 2F 1-2: Ground out 6-3 (Groundball, 6MD, EV 89.4 MPH)
|
|
Batting: RHB Chae-seong Lee
|
0-0: Ball 1-0: Ball 2-0: Called Strike 2-1: Foul Ball, location: 2F 2-2: Ball 3-2: SINGLE (Groundball, 4MD, EV 100.0 MPH)
|
|
Batting: RHB Sean Peake
|
0-0: Called Strike 0-1: Swinging Strike 0-2: Ball 1-2: DOUBLE (Line Drive, 78M, EV 91.3 MPH) Chae-seong Lee to third Runner from 3rd tries for Home, SAFE, throw by LF to trailing runner, SAFE at third!
|
|
Batting: LHB Doug Barr
|
0-0: Ball 1-0: Called Strike 1-1: Ball 2-1: Ball 3-1: Foul Ball, location: 2F 3-2: Strikes out swinging
|
|
Batting: RHB Josh Ferguson
|
0-0: Ball 1-0: Ball 2-0: Ball 3-0: Base on Balls
|
|
Batting: LHB Cliff Thomas
|
0-0: Called Strike 0-1: Foul Ball, location: 2F 0-2: Strikes out looking
|
| Top of the 5th over - 1 run, 2 hits, 0 errors, 2 left on base; Tacoma 3 - Omaha 2 |
| BOTTOM OF THE 5TH |
|
Omaha Storm Chasers batting - Pitching for Tacoma Rainiers : LHP Valery Sahanov
|
|
Pitching: RHP Al Mendoza
|
|
|
Batting: RHB Scott King
|
0-0: Ball 1-0: Called Strike 1-1: Called Strike 1-2: Ground out 6-3 (Groundball, 6, EV 108.8 MPH)
|
|
Batting: SHB David Simpson
|
0-0: Ball 1-0: Ball 2-0: Ball 3-0: Base on Balls
|
|
Batting: LHB Dustin Bale
|
0-0: Foul Ball, location: 2F 0-1: Fly out, F7 (Line Drive, 7, EV 97.5 MPH)
|
|
Batting: LHB Edwin Aguilar
|
0-0: Ball 1-0: SINGLE (Groundball, 34S, EV 71.3 MPH) (infield hit) David Simpson to second
|
|
Batting: RHB Joeri Plas
|
0-0: Foul Ball, location: 2F 0-1: Ball 1-1: Foul Ball, location: 2F 1-2: Foul Ball, location: 2F 1-2: Strikes out swinging
|
| Bottom of the 5th over - 0 runs, 1 hit, 0 errors, 2 left on base; Tacoma 3 - Omaha 2 |
| TOP OF THE 6TH |
|
Tacoma Rainiers batting - Pitching for Omaha Storm Chasers : LHP John Hall
|
|
Batting: RHB Chris Lane
|
0-0: Ball 1-0: Ball 2-0: Called Strike 2-1: Swinging Strike 2-2: Foul Ball, location: 2F 2-2: SINGLE (Flyball, 89S, EV 100.6 MPH)
|
|
Pitching: LHP Tom Jennings
|
|
|
Batting: LHB Jerrod Cluck
|
0-0: Ball 1-0: Ball 2-0: Ball 3-0: SINGLE (Groundball, 5L, EV 108.1 MPH) Chris Lane to second
|
|
Batting: SHB Morgan Batson
|
0-0: Ball 1-0: Called Strike 1-1: Foul Ball, location: 2F 1-2: Foul Ball, location: 2F 1-2: Ball 2-2: Foul Ball, location: 2F 2-2: Strikes out swinging
|
|
Batting: RHB Marcus Carter
|
0-0: Ball 1-0: Ball 2-0: Ball 3-0: Called Strike 3-1: Grounds into double play, 6-4-3 (Groundball, 6, EV 106.9 MPH)
|
| Top of the 6th over - 0 runs, 2 hits, 0 errors, 1 left on base; Tacoma 3 - Omaha 2 |
| BOTTOM OF THE 6TH |
|
Omaha Storm Chasers batting - Pitching for Tacoma Rainiers : RHP Al Mendoza
|
|
Pinch Hitting: LHB Manny Ruvalcaba
|
0-0: Ball 1-0: Ball 2-0: Swinging Strike 2-1: Called Strike 2-2: Foul Ball, location: 2F 2-2: Ball 3-2: Strikes out swinging
|
|
Batting: LHB Yat-sen Zhu
|
0-0: Called Strike 0-1: Foul Ball, location: 2F 0-2: Ball 1-2: Strikes out swinging
|
|
Batting: RHB Aaron Matthews
|
0-0: Foul Ball, location: 2F 0-1: Foul Ball, location: 2F 0-2: Strikes out looking
|
| Bottom of the 6th over - 0 runs, 0 hits, 0 errors, 0 left on base; Tacoma 3 - Omaha 2 |
| TOP OF THE 7TH |
|
Tacoma Rainiers batting - Pitching for Omaha Storm Chasers : LHP Tom Jennings
|
|
Now in RF: Manny Ruvalcaba
|
|
|
Batting: RHB Chae-seong Lee
|
0-0: Ball 1-0: Swinging Strike 1-1: Called Strike 1-2: Ground out 4-3 (Groundball, 4, EV 86.3 MPH)
|
|
Batting: RHB Sean Peake
|
0-0: Ball 1-0: Swinging Strike 1-1: Foul Ball, location: 2F 1-2: Foul Ball, location: 2F 1-2: Ball 2-2: Strikes out looking
|
|
Batting: LHB Doug Barr
|
0-0: Ball 1-0: Foul Ball, location: 2F 1-1: Called Strike 1-2: Ball 2-2: Foul Ball, location: 2F 2-2: Foul Ball, location: 2F 2-2: Fly out, F7 (Flyball, 7LM, EV 87.5 MPH)
|
| Top of the 7th over - 0 runs, 0 hits, 0 errors, 0 left on base; Tacoma 3 - Omaha 2 |
| BOTTOM OF THE 7TH |
|
Omaha Storm Chasers batting - Pitching for Tacoma Rainiers : RHP Al Mendoza
|
|
Pitching: LHP Roy Decker
|
|
|
Batting: RHB Doug Hammertime
|
0-0: Ball 1-0: Called Strike 1-1: Swinging Strike 1-2: Ball 2-2: Strikes out swinging
|
|
Batting: RHB Scott King
|
0-0: Ball 1-0: Ball 2-0: Foul Ball, location: 2F 2-1: Called Strike 2-2: SINGLE (Line Drive, 4D, EV 96.3 MPH)
|
|
Batting: SHB David Simpson
|
0-0: Swinging Strike 0-1: Grounds into double play, 6-4-3 (Groundball, 6M, EV 101.9 MPH)
|
| Bottom of the 7th over - 0 runs, 1 hit, 0 errors, 0 left on base; Tacoma 3 - Omaha 2 |
| TOP OF THE 8TH |
|
Tacoma Rainiers batting - Pitching for Omaha Storm Chasers : LHP Tom Jennings
|
|
Pitching: LHP David Noffsinger
|
|
|
Batting: RHB Josh Ferguson
|
0-0: Called Strike 0-1: Ball 1-1: Ball 2-1: Foul Ball, location: 2F 2-2: Fly out, F8 (Flyball, 8LS, EV 88.8 MPH)
|
|
Batting: LHB Cliff Thomas
|
0-0: Called Strike 0-1: Foul Ball, location: 2F 0-2: Strikes out looking
|
|
Batting: RHB Chris Lane
|
0-0: Ball 1-0: Foul Ball, location: 2F 1-1: Called Strike 1-2: Ball 2-2: Foul Ball, location: 2F 2-2: Ball 3-2: Base on Balls
|
|
Batting: LHB Jerrod Cluck
|
0-0: Called Strike 0-1: Foul Ball, location: 2F 0-2: DOUBLE (Flyball, 8LXD, EV 103.8 MPH) Chris Lane to third Runner from 3rd tries for Home, SAFE, throw by CF to home
|
|
Batting: SHB Morgan Batson
|
0-0: Ball 1-0: Foul Ball, location: 2F 1-1: SINGLE (Groundball, 6MD, EV 105.0 MPH) Jerrod Cluck to third Runner from 3rd tries for Home, throw by CF and OUT! 8-2
|
| Top of the 8th over - 1 run, 2 hits, 0 errors, 1 left on base; Tacoma 4 - Omaha 2 |
| BOTTOM OF THE 8TH |
|
Omaha Storm Chasers batting - Pitching for Tacoma Rainiers : LHP Roy Decker
|
|
Batting: RHB Andy Sheridan
|
0-0: SINGLE (Line Drive, 6D, EV 98.8 MPH)
|
|
Pinch Hitting: RHB Willie Carrion
|
0-0: Ball 1-0: Ball 2-0: Ball 3-0: Base on Balls Andy Sheridan to second
|
|
Pinch Runner at 2nd Niek de Haan:
|
|
|
Batting: RHB Joeri Plas
|
0-0: Ball 1-0: Bunt missed! 1-1: Sac Bunt to 15S - play at first, batter OUT! 1-4 Niek de Haan to third Willie Carrion to second
|
|
Pinch Hitting: RHB Jordan Diaz
|
0-0: Ball 1-0: Foul Ball, location: 2F 1-1: Ball 2-1: Ball 3-1: Called Strike 3-2: Base on Balls
|
|
Pinch Hitting: RHB Nate Hodson
|
0-0: Ball 1-0: Ball 2-0: Ball 3-0: Base on Balls Niek de Haan scores Willie Carrion to third Jordan Diaz to second
|
|
Batting: RHB Aaron Matthews
|
0-0: Called Strike 0-1: Called Strike 0-2: Ball 1-2: Ball 2-2: Foul Ball, location: 2F 2-2: Fly out, F7 (Flyball, 8LS, EV 85.6 MPH)
|
|
Batting: RHB Doug Hammertime
|
0-0: Ground out 5-3 (Groundball, 56S, EV 84.4 MPH)
|
| Bottom of the 8th over - 1 run, 1 hit, 0 errors, 3 left on base; Tacoma 4 - Omaha 3 |
| TOP OF THE 9TH |
|
Tacoma Rainiers batting - Pitching for Omaha Storm Chasers : LHP David Noffsinger
|
|
Now at 3B: Chris Torlak
|
|
|
Now in LF: Jordan Diaz
|
|
|
Now in CF: Brandon Davis
|
|
|
Batting: RHB Marcus Carter
|
0-0: Ball 1-0: Ball 2-0: Ball 3-0: Base on Balls
|
|
Batting: RHB Chae-seong Lee
|
0-0: Called Strike 0-1: Swinging Strike 0-2: Ball 1-2: Ball 2-2: Strikes out swinging
|
|
Batting: RHB Sean Peake
|
0-0: Ball 1-0: Ball 2-0: Called Strike 2-1: Fielders Choice at 2nd, 4-6 (Groundball, 4, EV 108.8 MPH)
|
|
Batting: LHB Doug Barr
|
0-0: Ball Sean Peake is caught stealing 2nd base 2-6
|
| Top of the 9th over - 0 runs, 0 hits, 0 errors, 0 left on base; Tacoma 4 - Omaha 3 |
| BOTTOM OF THE 9TH |
|
Omaha Storm Chasers batting - Pitching for Tacoma Rainiers : LHP Roy Decker
|
|
Pitching: RHP Mark Case
|
|
|
Batting: RHB Scott King
|
0-0: Ball 1-0: Swinging Strike 1-1: Ball 2-1: Ball 3-1: Base on Balls
|
|
Batting: SHB David Simpson
|
0-0: Ball 1-0: Foul Ball, location: 2F 1-1: Swinging Strike 1-2: SINGLE (Line Drive, 7S, EV 101.9 MPH) Scott King to second
|
|
Batting: LHB Sean Gingrich
|
0-0: Ball 1-0: Called Strike 1-1: Foul Ball, location: 2F 1-2: Ball 2-2: Strikes out looking
|
|
Batting: RHB Chris Torlak
|
0-0: Ball 1-0: Ball 2-0: Ball 3-0: Base on Balls Scott King to third David Simpson to second
|
|
Batting: RHB Joeri Plas
|
0-0: Ball 1-0: Ball 2-0: Called Strike 2-1: Foul Ball, location: 2F 2-2: Ball 3-2: Foul Ball, location: 2F 3-2: SINGLE (Groundball, 34, EV 113.1 MPH) Scott King scores David Simpson to third Chris Torlak to second Runner from 3rd tries for Home, SAFE, throw by RF to home
|
| Bottom of the 9th over - 2 runs, 2 hits, 0 errors, 0 left on base; Tacoma 4 - Omaha 5 |
| |
|
Game Over ... Omaha defeats Tacoma, 5 to 4
|
|
|